 Dungeon Crawl Stone Soup version 0.17.0-25-gefc9c12 (console) character file.

6 gw the Sneak (level 1, -1/16 HPs)
             Began as a Deep Dwarf Air Elementalist on Nov 18, 2015.
             Slain by a hobgoblin (4 damage)
             ... on level 1 of the Dungeon.
             The game lasted 00:04:01 (421 turns).

gw the Sneak (Deep Dwarf Air Elementalist)           Turns: 421, Time: 00:04:01

Health: -1/16      AC:  2    Str: 11    XL:     1   Next: 75%
Magic:  1/3        EV: 12    Int: 15    God:
Gold:   0          SH:  0    Dex: 13    Spells: 1 memorised, 2 levels left

rFire  . . .     SeeInvis .     (no weapon)
rCold  . . .     Clarity  .     a - +0 robe
rNeg   . . .     SustAt   .     (no shield)
rPois  .         Gourm    .     (no helmet)
rElec  .         Spirit   .     (no cloak)
rCorr  .         Warding  .     (no gloves)
rMut   .         Stasis   .     (no boots)
MR     .....                    (no amulet)
Stlth  ++........               (no ring)
                                (no ring)

@: non-regenerating, not resistant to hostile enchantments, unstealthy
A: damage resistance, recharge devices, sense surroundings 1, slow regeneration
3
a: Device Recharging


You were on level 1 of the Dungeon.
You were not hungry.

You visited 1 branch of the dungeon, and saw 1 of its levels.

Inventory:

Armour
 a - a +0 robe (worn)
Wands
 c - a wand of heal wounds (0)
Scrolls
 e - a scroll of teleportation {unknown}
Books
 b - a book of Air

   Spells                             Type                      Level
   a - Shock                          Conjuration/Air              1
   b - Swiftness                      Charms/Air                   2
   c - Repel Missiles                 Charms/Air                   2
   d - Static Discharge               Conjuration/Air              3
   e - Lightning Bolt                 Conjuration/Air              5
Comestibles
 d - a bread ration


   Skills:
 + Level 0.3 Fighting
 + Level 0.4 Armour
 - Level 2.1 Dodging
 - Level 2.4 Stealth
 * Level 1.9 Spellcasting
 - Level 0.8 Conjurations
 + Level 2.3 Air Magic
 + Level 0.0 Evocations


You had 2 spell levels left.
You knew the following spells:

 Your Spells              Type           Power        Failure   Level  Hunger
a - Shock                 Conj/Air       #...         12%         1    ##.....


Dungeon Overview and Level Annotations

Branches:
Dungeon (1/15)

Altars:


Innate Abilities, Weirdness & Mutations

You are resistant to damage.
You can recharge devices by infusing magical energy.
You passively map a small area around you.
You do not regenerate naturally.


Message History

Attempting RANGED ATTACK TO (0,1) x2
Fight failed Attempting RANGED ATTACK TO (0,1) x2
Fight failed; Making a random move The hobgoblin barely misses you.
There is an open door, spattered with blood here.
MOVING TO (1,0)
The hobgoblin barely misses you.
Attempting RANGED ATTACK TO (0,1) x2
Fight failed Attempting RANGED ATTACK TO (0,1) x2
Fight failed; Making a random move The hobgoblin hits you.
There is an open door, spattered with blood here.
MOVING TO (1,0)
The hobgoblin barely misses you.
You fail to use your ability.
The hobgoblin barely misses you.
You fail to use your ability.
The hobgoblin closely misses you.
You fail to use your ability.
The hobgoblin hits you.
You die...

#####
##8.8###
#......#
#......#
##......#
#8......###
#<......'g#
#8......#g#
##....).#.#
#......#.#
#......#.#
##8.8###.#
##### #.#
#.# #.#


You could see a hobgoblin.

Table legend:
 A = Turns spent in this place as a percentage of turns spent in the entire game.
 B = Non-inter-level travel turns spent in this place as a percentage of non-inter-level travel turns spent in the entire game.
 C = Inter-level travel turns spent in this place as a percentage of turns spent in this place.
 D = Turns resting spent in this place as a percentage of non-inter-level travel turns spent in this place.
 E = Turns spent auto-exploring this place as a percentage of non-inter-level travel turns spent in this place.
 F = Non-inter-level travel turns spent in this place divided by the number of levels of this place that you've seen.
                   A       B       C       D       E      F
               +-------+-------+-------+-------+-------+----------------------
         Total | 100.0 | 100.0 |   0.0 |   0.4 |   0.5 | 2018.0
       Dungeon | 100.0 | 100.0 |   0.0 |   0.4 |   0.5 | 2018.0
               +-------+-------+-------+-------+-------+----------------------

Table legend:
 A = Kills in this place as a percentage of kills in entire the game.
 B = Kills by you in this place as a percentage of kills by you in the entire game.
 C = Kills by friends in this place as a percentage of kills by friends in the entire game.
 D = Other kills in this place as a percentage of other kills in the entire game.
 E = Experience gained in this place as a percentage of experience gained in the entire game.
 F = Experience gained in this place divided by the number of levels of this place that you have seen.
                   A       B       C       D       E      F
               +-------+-------+-------+-------+-------+----------------------
         Total | 100.0 | 100.0 |  -nan |  -nan | 100.0 |   9.0
       Dungeon | 100.0 | 100.0 |  -nan |  -nan | 100.0 |   9.0
               +-------+-------+-------+-------+-------+----------------------

Vanquished Creatures
  3 jackals (D:1)
  A kobold (D:1)
  2 rats (D:1)
6 creatures vanquished.

Notes
Turn   | Place    | Note
--------------------------------------------------------------
     0 | D:1      | gw the Deep Dwarf Air Elementalist began the quest for the Orb.
     0 | D:1      | Reached XP level 1. HP: 15/15 MP: 3/3
   421 | D:1      | Slain by a hobgoblin

Action                   || total
-------------------------++-------
 Cast: Shock             ||    24
Evoke: Wand              ||     5

Vault maps used:
D:1:      mrwooster_arrival_statue_3, minivault_27, roderic_filled_cross
